 Dungeon Crawl Stone Soup version 0.29-a0-11-ga75d3d97ab (webtiles) character file.

Game seed: 9505860370476465917

38 Parzival711 the Skirmisher (level 3, 0/33 HPs)
             Began as a Hill Orc Fighter on Jan 28, 2022.
             Slain by a jackal (2 damage)
             ... on level 2 of the Dungeon.
             The game lasted 00:02:54 (1165 turns).

Parzival711 the Skirmisher (Hill Orc Fighter)       Turns: 1165, Time: 00:02:54

Health: 0/33       AC:  6    Str: 20    XL:     3   Next: 43%
Magic:  3/3        EV:  9    Int:  8    God:
Gold:   63         SH:  4    Dex: 10    Spells: 2/2 levels left

rFire   . . .      SeeInvis .   a - +0 war axe
rCold   . . .      Faith    .   c - +0 buckler
rNeg    . . .      Spirit   .   b - +0 scale mail
rPois   .          Reflect  .   (no helmet)
rElec   .          Harm     .   (no cloak)
rCorr   .          Rampage  .   (no gloves)
Will    .....                   (no boots)
Stlth   ..........              (no amulet)
HPRegen 0.11/turn               (no ring)
MPRegen 0.08/turn               (no ring)

@: no status effects
A: no striking features
a: no special abilities


You were on level 2 of the Dungeon.
You visited 1 branch of the dungeon, and saw 2 of its levels.

You collected 63 gold pieces.

Inventory:

Hand Weapons
 a - a +0 war axe (weapon)
Armour
 b - a +0 scale mail (worn)
 c - a +0 buckler (worn)
Jewellery
 f - an amulet of reflection
Scrolls
 e - a scroll of immolation {unknown}
 g - a scroll of enchant weapon {unknown}
 h - a scroll of noise {unknown}
Potions
 d - a potion of might
 i - a potion of ambrosia {unknown}


   Skills:
 + Level 4.1 Fighting
 + Level 3.8 Axes
 + Level 3.5 Armour
 + Level 0.3 Dodging
 + Level 3.5 Shields


You had 2 spell levels left.
You didn't know any spells.
Your spell library contained the following spells:

 Spells                   Type           Power      Damage    Failure   Level
 Corpse Rot               Necr/Air       0%         N/A       94%         2
 Poisonous Vapours        Pois/Air       0%         N/A       94%         2


Dungeon Overview and Level Annotations

Branches:
Dungeon (2/15)

Altars:
Uskayaw


Message History

The adder is heavily wounded.
You slash the hobgoblin!
You kill the hobgoblin!
You hit the hobgoblin but do no damage.
You feel sick. The adder bites you but does no damage.
The giant cockroach bites you but does no damage.
The adder barely misses you.
The hobgoblin hits you but does no damage.
You slash the adder!
You kill the adder!
You closely miss the hobgoblin. You hit the giant cockroach.
You kill the giant cockroach!
* * * LOW HITPOINT WARNING * * *
You feel sick. The hobgoblin barely misses you.
You have reached level 3!
Your experience leads to an increase in your attributes!
Increase (S)trength, (I)ntelligence, or (D)exterity?
You feel stronger. x2
You slash the giant cockroach!
You kill the giant cockroach!
You hit the dart slug but do no damage. You slash the hobgoblin!
You kill the hobgoblin!
You feel sick.
The dart slug bites you but does no damage.
You feel sick.
You are no longer poisoned.
The dart slug bites you.
* * * LOW HITPOINT WARNING * * *
You see here a hobgoblin corpse.
You slash the dart slug!
The dart slug is almost dead.
You block the dart slug's attack.
A jackal comes into view.
The jackal barks!
You hit the dart slug.
You kill the dart slug!
You hear a bark!
You completely miss the jackal. The jackal completely misses you.
The jackal bites you.
You die...

########..####
#......<......
#.........^...
#.<...(.......
#####.............
>.................
..................
#####.....†.......
#..?..@h......
#.......####.#.#
#..##...(# # #..#
###### ... #.


You could see a jackal.

Vanquished Creatures
  An adder (D:2)
  A worm (D:2)
  A dart slug (D:2)
  5 bats (D:1)
  An endoplasm (D:1)
  2 giant cockroaches (D:2)
  A goblin (D:1)
  5 hobgoblins
  2 kobolds (D:1)
  3 ball pythons (D:1)
  A rat (D:1)
23 creatures vanquished.

Vanquished Creatures (others)
  6 fungi (D:1)
  5 plants (D:1)
11 creatures vanquished.

Grand Total: 34 creatures vanquished

Notes
Turn   | Place    | Note
-------+----------+-------------------------------------------
     0 | D:1      | Parzival711 the Hill Orc Fighter began the quest for the
                  | Orb.
     0 | D:1      | Reached XP level 1. HP: 19/19 MP: 1/1
   203 | D:1      | Reached skill level 4 in Fighting
   225 | D:1      | Reached XP level 2. HP: 25/27 MP: 2/2
   980 | D:1      | Found a faded altar of an unknown god.
  1036 | D:1      | Prayed at the altar of an unknown god.
  1036 | D:1      | Became a worshipper of Uskayaw the Reveller
  1036 | D:1      | Reached * piety under Uskayaw
  1037 | D:1      | Fell from the grace of Uskayaw
  1159 | D:2      | Reached XP level 3. HP: 5/33 MP: 3/3
  1160 | D:2      | HP: 1/33 [dart slug (2)]
  1165 | D:2      | Slain by a jackal

Illustrated notes

Levels and vault maps discovered:
D:1:      dpeg_arrival_yet_another_circle, layout_loops_corners,
          shapermc_ecumenical_altar_hornbeckon, hangedman_decor_push
D:2:      minmay_chambers_of_twos, layout_rooms, serial_shops, shop,
          nicolae_shop_hallway_plus, basic_altar, minmay_pentomino_o2,
          uniq_natasha

Skill      XL: |  1  2 |
---------------+-------+-----
Fighting       | 4 |  4.1
Axes           | 3 |  3.8
Armour         | |  3.5
Dodging        | |  0.3
Shields        | |  3.5

Action                   || total
-------------------------++-------
Melee: War axe           ||    84
Invok: Renounce Religion ||     1
Armor: Scale mail        ||    63
Dodge: Dodged            ||    72
Block: Buckler           ||    27

Table legend: (Time is in decaauts)
 A = Elapsed time spent in this place.
 B = Non-inter-level travel time spent in this place.
 C = Inter-level travel time spent in this place.
 D = Time resting spent in this place.
 E = Time spent auto-exploring this place.
 F = Levels seen in this place.
 G = Mean time per level.
                   A        B        C        D        E       F      G
               +--------+--------+--------+--------+--------+-----+--------+
         Total |   1215 |   1096 |    119 |      0 |    806 |   2 |  607.5 |
       Dungeon |   1215 |   1096 |    119 |      0 |    806 |   2 |  607.5 |
               +--------+--------+--------+--------+--------+-----+--------+

Top non-repeatable levels by time:
     D:1: 1186 daAuts
     D:2: 28 daAuts
